 Dungeon Crawl Stone Soup version 0.29.1-1-gd02db6906a (webtiles) character file.

Game seed: 3742494491118463318

58 safid the Shooter (level 3, 0/31 HPs)
             Began as a Minotaur Hunter on Oct 21, 2022.
             Slain by a goblin
             ... wielding a +0 dagger
             ... led by Robin
              (3 damage)
             ... on level 3 of the Dungeon.
             The game lasted 00:03:20 (1429 turns).

safid the Shooter (Minotaur Hunter)                 Turns: 1429, Time: 00:03:20

Health: 0/31       AC:  4    Str: 15    XL:     3   Next: 75%
Magic:  2/2        EV: 12    Int:  6    God:
Gold:   73         SH:  0    Dex: 15    Spells: 2/2 levels left

rFire   . . .      SeeInvis .   a - +0 shortbow
rCold   . . .      Faith    .   (shield currently unavailable)
rNeg    . . .      Spirit   .   c - +0 leather armour
rPois   .          Reflect  .   (helmet restricted)
rElec   .          Harm     .   (no cloak)
rCorr   .          Rampage  .   (no gloves)
Will    .....                   j - +0 pair of boots
Stlth   +.........              (no amulet)
HPRegen 0.10/turn               (no ring)
MPRegen 0.08/turn               (no ring)

@: no status effects
A: horns 2, retaliatory headbutt
a: no special abilities


You were on level 3 of the Dungeon.
You visited 1 branch of the dungeon, and saw 3 of its levels.

You collected 73 gold pieces.

Inventory:

Hand Weapons
 a - a +0 shortbow (weapon)
Armour
 c - a +0 leather armour (worn)
 j - a +0 pair of boots (worn)
Scrolls
 d - a scroll of blinking {unknown}
 e - 4 scrolls of identify {unknown}
 f - 2 scrolls of teleportation {unknown}
 g - a scroll of noise {unknown}
 k - a scroll of poison {unknown}
 l - a scroll of magic mapping {unknown}
Potions
 b - a potion of degeneration {unknown}
 h - a potion of lignification {unknown}
 i - a potion of ambrosia {unknown}
 m - a potion of attraction {unknown}


   Skills:
 - Level 3.0 Fighting
 + Level 5.8 Ranged Weapons
 - Level 2.1 Dodging
 - Level 0.7 Stealth


You had 2 spell levels left.
You didn't know any spells.
Your spell library was empty.

Dungeon Overview and Level Annotations

Branches:
Dungeon (3/15)

Altars:

Shops:
D:2 (

Annotations:
D:3 2 transporters, LustLizard's ghost, novice HuGl; Robin


Innate Abilities, Weirdness & Mutations

You have a pair of horns on your head.
You reflexively headbutt those who attack you in melee.


Message History

The hobgoblin is almost dead.
The goblin closely misses you. The goblin hits you but does no damage.
You shoot an arrow. The arrow hits the goblin.
You kill the goblin!
Robin flexes a bicep menacingly.
The goblin hits you but does no damage.
A goblin comes into view. It is wielding a +0 club.
Unknown command.
The goblin attacks as you move away! The goblin closely misses you.
Robin roars a battlecry!
The goblin hits you but does no damage. Robin throws the goblin at you!
The goblin misses you. You furiously retaliate!
You headbutt the goblin!
You kill the goblin!
The goblin hits you with a +0 dagger. The goblin attacks as you move away!
The goblin barely misses you. The goblin hits you with a +0 dagger.
There is a stone staircase leading down here.
The goblin misses you.
Robin says, "Bow before me, strongest of all the hobgoblins!"
The goblin attacks as you move away! The goblin hits you with a +0 dagger.
* * * LOW HITPOINT WARNING * * *
The goblin attacks as you move away! The goblin misses you.
The goblin attacks as you move away! The goblin misses you.
The goblin no longer looks unusually strong.
The goblin attacks as you move away! The goblin barely misses you.
The goblin attacks as you move away! The goblin hits you but does no damage.
The goblin no longer looks unusually strong.
Robin roars a battlecry!
The goblins go into a battle-frenzy!
The goblin attacks as you move away! The goblin hits you but does no damage.
The goblin attacks as you move away! The goblin hits you with a +0 dagger.
* * * LOW HITPOINT WARNING * * *
Fire: a) +0 shortbow
Press: ? - help, Q - select action Shift-Dir - straight line, f - goblin
Aim: a goblin, wielding a +0 dagger (strong, 55% to hit)
You shoot an arrow. The arrow hits the goblin.
The goblin is moderately wounded.
The goblin hits you with a +0 dagger.
You die...

.........g......##
...####.©.####...## # #####
.###..# ....$5..#. ##g#
#.##..=###... #.#
...#.....#.##.#
.##..©?.#...#g.# .
..5#..##..#g## ..#5
#....#@# # [....##.# ###
###5##..# ....####©###..##
#..........##
####...####################
#..## #.............# #.##
#.###########.# #.##
#.#.......#.#.#


You could see a hobgoblin and 2 goblins.

Vanquished Creatures
  An adder (D:2)
  A worm (D:2)
  8 bats
  2 endoplasms
  5 giant cockroaches
  3 hobgoblins
  3 jackals (D:1)
  4 ball pythons
  3 frilled lizards
  9 goblins
  A kobold (D:1)
  4 rats
44 creatures vanquished.

Notes
Turn   | Place    | Note
-------+----------+-------------------------------------------
     0 | D:1      | safid the Minotaur Hunter began the quest for the Orb.
     0 | D:1      | Reached XP level 1. HP: 18/18 MP: 0/0
    87 | D:1      | Reached XP level 2. HP: 9/25 MP: 1/1
   469 | D:1      | Found a faded altar of an unknown god.
   517 | D:1      | Reached skill level 5 in Ranged Weapons
   805 | D:2      | Reached XP level 3. HP: 31/31 MP: 2/2
   876 | D:2      | Found Cickedwe's Weapon Boutique.
  1364 | D:3      | Found a transporter.
  1390 | D:3      | Found a transporter.
  1397 | D:3      | Noticed LustLizard's ghost (novice HuGl)
  1406 | D:3      | Noticed Robin
  1429 | D:3      | Slain by a goblin

Illustrated notes

Levels and vault maps discovered:
D:1:      minmay_arrival_checkered_box, layout_rooms, basic_ecumenical_altar
D:2:      layout_loops_cross, serial_shops, shop, st_stairs_10
D:3:      layout_basic, gammafunk_ghost_stat_death, uniq_natasha, uniq_robin

Skill      XL: |  1  2 |
---------------+-------+-----
Fighting       | 3 |  3.0
Ranged Weapons | 5 |  5.8
Dodging        | |  2.1
Stealth        | |  0.7

Action                   || total
-------------------------++-------
 Fire: Shortbow          ||   100
Armor: Leather armour    ||    20
Dodge: Dodged            ||    40
